 Dungeon Crawl Stone Soup version 0.28.0-47-ge53b351184 (webtiles) character file.

Game seed: 15190526933655542437

18 101zpm the Magician (level 2, -4/21 HPs)
             Began as a Djinni Ice Elementalist on Apr 26, 2022.
             Frozen to death by an endoplasm (7 damage)
             ... on level 2 of the Dungeon.
             The game lasted 00:01:57 (1582 turns).

101zpm the Magician (Djinni Ice Elementalist)       Turns: 1582, Time: 00:01:58

Health: -4/21      AC:  2    Str:  7    XL:     2   Next: 85%
Gold:   30         EV: 12    Int: 16    God:
                   SH:  0    Dex: 13

rFire   + + .      SeeInvis .   c - +0 spear
rCold   x . .      Faith    .   (no shield)
rNeg    . . .      Spirit   .   a - +0 robe
rPois   ∞          Reflect  .   (no helmet)
rElec   .          Harm     .   (no cloak)
rCorr   .          Rampage  .   (no gloves)
Will    .....                   (boots unavailable)
Stlth   ++........              (no amulet)
HPRegen 0.07/turn               (no ring)
MPRegen 0.00/turn               (no ring)

@: flying
A: sickness immunity, fire resistance 2, cold vulnerability 1, float, innate
caster, HP casting, extra vitality 1
a: no special abilities


You were on level 2 of the Dungeon.
You visited 1 branch of the dungeon, and saw 2 of its levels.

You collected 30 gold pieces.

Inventory:

Hand Weapons
 c - a +0 spear (weapon)
Armour
 a - a +0 robe (worn)
Scrolls
 b - a scroll of acquirement {unknown}
 d - a scroll of identify {unknown}
 e - a scroll of blinking {unknown}
 g - a scroll of holy word {unknown}
Potions
 f - a potion of heal wounds {unknown}


   Skills:
 + Level 0.1 Fighting
 + Level 0.7 Polearms
 + Level 2.4 Dodging
 + Level 1.7 Stealth
 + Level 3.5 Spellcasting


You couldn't memorise any spells.
You knew the following spells:

 Your Spells              Type           Power      Damage    Failure   Level
a - Freeze                Ice            56%        1d7       4%          1
b - Frozen Ramparts       Ice            28%        1d4       13%         3
c - Ozocubu's Armour      Ice            14%        N/A       13%         3
d - Hailstorm             Conj/Ice       14%        3d5       38%         4
Your spell library was empty.

Dungeon Overview and Level Annotations

Branches:
Dungeon (2/15)

Altars:

Shops:
D:2 !


Innate Abilities, Weirdness & Mutations

You are immune to sickness and miasma.
You are immune to poison.
Your flesh is very heat resistant. (rF++)
You are vulnerable to cold. (rC-)
You float through the air rather than walking.
You learn spells naturally, not from books.
Your magical power is your life essence.
You have superior vitality. (+4 MHP)


Message History

You kill the ball python!
The goblin hits you but does no damage. The hobgoblin closely misses you.
You closely miss the goblin.
The goblin is heavily wounded.
The endoplasm closely misses you. The goblin closely misses you.
The hobgoblin closely misses you. The endoplasm completely misses you.
You hit the goblin.
You kill the goblin!
The hobgoblin hits you. The endoplasm freezes you.
You are frozen.
You feel a terrible chill!
You are too injured to fight recklessly!
You are too injured to fight recklessly!
You are too injured to fight recklessly!
You are too injured to fight recklessly!
You are too injured to fight recklessly!
You are too injured to fight recklessly!
You are too injured to fight recklessly!
You are too injured to fight recklessly!
You are too injured to fight recklessly!
You are too injured to fight recklessly!
You are too injured to fight recklessly!
You are too injured to fight recklessly!
You are too injured to fight recklessly!
You are too injured to fight recklessly!
You are too injured to fight recklessly!
Unknown command.
You are too injured to fight recklessly!
The hobgoblin hits you.
* * * LOW HITPOINT WARNING * * *
There is an open door here.
Aiming: Freeze (safe; 4% risk of failure)
Press: ? - help, Q - select action Shift-Dir - straight line, f - endoplasm
Aim: an endoplasm You freeze the endoplasm.
The endoplasm is lightly wounded.
* * * LOW HITPOINT WARNING * * *
The endoplasm freezes you.
You are frozen!
You feel a terrible chill!
You die...

#### ########### #...#
..........# #...#
..........# #...#
..........########...#
................##...# #
#..†...........g##...#.#.#
...)...........J@∩........
#...............#....#.#.
#####
................##.###
#.... ......###+########.#
#.### #####..
####.######## #.#.. ....
+...........###.#.# ##...
####.####.....#.#.. #....
..). #.#.#.#.### #.
#.##.##.#.#...#....


You could see an endoplasm and a hobgoblin.

Vanquished Creatures
  3 ball pythons
  An endoplasm (D:1)
  A giant cockroach (D:2)
  4 goblins
  A kobold (D:1)
  A quokka (D:1)
  2 bats (D:1)
  2 frilled lizards (D:1)
  3 rats (D:1)
18 creatures vanquished.

Notes
Turn   | Place    | Note
-------+----------+-------------------------------------------
     0 | D:1      | 101zpm the Djinni Ice Elementalist began the quest for the
                  | Orb.
     0 | D:1      | Reached XP level 1. HP: 15/15 MP: 0/0
   523 | D:1      | Reached XP level 2. HP: 4/21 MP: 0/0
  1501 | D:2      | Found Vofrydio's Distillery.
  1582 | D:2      | Frozen to death by an endoplasm

Illustrated notes

Levels and vault maps discovered:
D:1:      nicolae_arrival_washed_ashore, layout_loops_corners,
          minmay_pentomino_r2
D:2:      layout_basic, serial_shops, shop

Action                   || total
-------------------------++-------
Melee: Spear             ||    54
 Cast: Freeze            ||     4
 Stab: Sleeping          ||     5
Armor: Robe              ||     9
Dodge: Dodged            ||    30
